 Dungeon Crawl Stone Soup version 0.19-a0-1850-g63fd1ff (webtiles) character file.

1591 Naow the Cleaver (level 8, -2/66 HPs)
             Began as a Minotaur Berserker on Oct 10, 2016.
             Was a Priest of Trog.
             Slain by Naow's ghost (3 damage)
             ... on level 8 of the Dungeon.
             The game lasted 00:05:18 (3982 turns).

Naow the Cleaver (Minotaur Berserker)               Turns: 3982, Time: 00:05:18

Health: -2/66      AC:  6    Str: 22    XL:     8   Next: 61%
Magic:  7/7        EV: 11    Int:  6    God:    Trog [***...]
Gold:   349        SH:  0    Dex: 10    Spells: 0 memorised, 7 levels left

rFire  . . .     SeeInvis .     a - +0 hand axe
rCold  . . .     Gourm    .     d - +0 ring mail (curse)
rNeg   . . .     Faith    .     (no shield)
rPois  .         Spirit   .     (helmet restricted)
rElec  .         Dismiss  .     (no cloak)
rCorr  .         Reflect  .     w - +0 pair of gloves
MR     ++...     Harm     .     (no boots)
Stlth  ..........               (no amulet)
                                (no ring)
                                (no ring)

@: exhausted, regenerating, slowed, very slow
A: retaliatory headbutt, horns 2
a: Berserk, Trog's Hand, Burn Spellbooks, Renounce Religion


You were on level 8 of the Dungeon.
You worshipped Trog.
Trog was most pleased with you.
You were very hungry.

You visited 1 branch of the dungeon, and saw 6 of its levels.

You collected 349 gold pieces.

Inventory:

Hand Weapons
 a - a +0 hand axe (weapon)
Armour
 b - a +0 animal skin
 d - a cursed +0 ring mail (worn)
 v - a +0 scale mail
 w - a +0 pair of gloves (worn)
Jewellery
 C - an uncursed ring of protection from fire {unknown}
 E - an uncursed ring of protection from cold {unknown}
Wands
 D - a wand of polymorph (8/24)
Scrolls
 e - 3 scrolls of remove curse {unknown}
 f - a scroll of fear {unknown}
 h - 2 scrolls of recharging {unknown}
 j - 2 scrolls of noise {unknown}
 m - 3 scrolls of enchant weapon {unknown}
 n - a scroll of blinking {unknown}
 q - a scroll of random uselessness {unknown}
 t - 2 scrolls of identify {unknown}
 y - a scroll of amnesia {unknown}
 F - a scroll of fog {unknown}
 H - a scroll of holy word {unknown}
Potions
 g - a potion of degeneration {unknown}
 l - a potion of curing {unknown}
 p - a potion of cancellation {unknown}
 s - a potion of invisibility {unknown}
 u - a potion of flight {unknown}
 z - a potion of might {unknown}
 A - a potion of lignification {unknown}
Books
 r - a book of Callings

   Spells                             Type                      Level
   a - Summon Small Mammal            Summoning                    1
   b - Call Imp                       Summoning                    2
   c - Call Canine Familiar           Summoning                    3
   d - Summon Guardian Golem          Hexes/Summoning              3
   e - Summon Lightning Spire         Summoning/Air                4
   f - Summon Ice Beast               Ice/Summoning                4
   Trog disapproves of the use of such an item.
 I - a book of Necromancy

   Spells                             Type                      Level
   a - Pain                           Necromancy                   1
   b - Animate Skeleton               Necromancy                   1
   c - Vampiric Draining              Necromancy                   3
   d - Regeneration                   Charms/Necromancy            3
   e - Animate Dead                   Necromancy                   4
   f - Control Undead                 Necromancy                   4
   Trog disapproves of the use of such an item.
Comestibles
 c - 6 bread rations
 i - 3 meat rations
 k - 2 slices of pizza
 o - a beef jerky
 x - 4 fruits
 G - 7 chunks of flesh


   Skills:
 - Level 3.7 Fighting
 + Level 13.0 Axes
 - Level 2.4 Armour
 - Level 2.1 Dodging


You had 7 spell levels left.
You didn't know any spells.

Dungeon Overview and Level Annotations

Branches:
Dungeon (5/15)
 Temple: D:4-7

Altars:
Qazlal

Annotations:
D:8 Naow's ghost, novice MiBe


Innate Abilities, Weirdness & Mutations

You reflexively headbutt those who attack you in melee.
You have a pair of horns on your head.


Message History

Naow's ghost is moderately damaged.
Naow's ghost hits you.
* * * LOW HITPOINT WARNING * * *
Naow's ghost burns you.
* * * LOW HITPOINT WARNING * * *
Naow's ghost misses you. (m)acro, (M)acro raw, keymap [(k) default, (x) level-map, (t)argeting, (c)onfirm, m(e)nu], (s)ave?
Aborting.
Drop what? 35/52 slots (_ for help) (? for menu, Esc to quit)
You drop a book of Misfortune.
You feel the effects of Trog's Hand fading.
Naow's ghost hits you.
* * * LOW HITPOINT WARNING * * *
Naow's ghost burns you.
* * * LOW HITPOINT WARNING * * *
Naow's ghost makes a sound of rattling chains.
Naow's ghost hits you!
* * * LOW HITPOINT WARNING * * *
Naow's ghost burns you.
You die...

#. ..#### .. #...... ##.
=....## ..#.......
#......... .....
##.........
.......#.......... .......
#W.....<. ....... #@.......
#......###........
#.#.....##.#####.#
....#....).### #
.##..........# .##########
...##...##)#.....##........
##.........#####...........
#.......#..# ..##........
...........####.# #........


You could see Naow's ghost.

Vanquished Creatures
  A two-headed ogre (D:8)
  Sigmund (D:3)
  4 ogres (D:4)
  A phantom (D:4)
  A centaur (D:8)
  A bullfrog (D:8)
  3 scorpions
  A crimson imp (D:5)
  A bullfrog skeleton (D:4)
  A hound (D:8)
  4 orc wizards
  3 orc priests (D:4)
  Terence (D:3)
  2 worker ants (D:5)
  8 adders
  2 shadow imps (D:5)
  An ooze (D:2)
  2 adder skeletons
  4 worms
  2 leopard geckos
  3 orcs
  4 bats
  4 giant cockroaches
  5 goblins
  6 hobgoblins
  6 jackals
  4 kobolds
  4 quokkas
  A ball python (D:2)
  8 frilled lizards
  A leopard gecko skeleton (D:8)
  7 rats
97 creatures vanquished.

Notes
Turn   | Place    | Note
-------+----------+-------------------------------------------
     0 | D:1      | Naow the Minotaur Berserker began the quest for the Orb.
     0 | D:1      | Reached XP level 1. HP: 19/19 MP: 0/0
   123 | D:1      | Reached skill level 4 in Axes
   215 | D:1      | Reached XP level 2. HP: 27/27 MP: 1/1
   923 | D:2      | Reached skill level 5 in Axes
   986 | D:2      | Reached XP level 3. HP: 32/33 MP: 2/2
  1193 | D:3      | Reached ** piety under Trog
  1536 | D:3      | Noticed Sigmund
  1547 | D:3      | HP: 1/33 [Sigmund/scythe (8)]
  1555 | D:3      | Killed Sigmund
  1555 | D:3      | Reached skill level 7 in Axes
  1555 | D:3      | Reached XP level 4. HP: 4/40 MP: 3/3
  1555 | D:3      | Reached XP level 5. HP: 4/46 MP: 4/4
  1914 | D:3      | Noticed Terence
  1922 | D:3      | Killed Terence
  1954 | D:3      | Reached skill level 8 in Axes
  2249 | D:4      | Reached XP level 6. HP: 50/52 MP: 5/5
  2406 | D:4      | Found a stormy altar of Qazlal.
  2470 | D:4      | Reached skill level 9 in Axes
  2512 | D:4      | Reached XP level 7. HP: 46/58 MP: 6/6
  2580 | D:4      | Reached skill level 10 in Axes
  2791 | D:4      | Reached skill level 11 in Axes
  2841 | D:4      | Reached *** piety under Trog
  2865 | D:4      | Reached XP level 8. HP: 34/66 MP: 7/7
  3102 | D:5      | Entered Level 5 of the Dungeon
  3432 | D:5      | Received a gift from Trog
  3801 | D:5      | You fall through a shaft for 3 floors!
  3811 | D:8      | Reached skill level 12 in Axes
  3954 | D:8      | Noticed a two-headed ogre
  3959 | D:8      | Killed a two-headed ogre
  3959 | D:8      | Reached skill level 13 in Axes
  3961 | D:8      | Noticed Naow's ghost (novice MiBe)
  3982 | D:8      | HP: 1/66 [Naow's ghost (7)]
  3982 | D:8      | Slain by Naow's ghost

Vault maps used:
D:1:      dpeg_arrival_windows_large_door
D:2:      grunt_ministairs_13
D:3:      uniq_sigmund, uniq_terence
D:4:      st_stairs_13, nicolae_qazlal_general_emergency
D:5:      first_bread

Skill      XL: |  1  2  3  4  5  6  7  8 |
---------------+-------------------------+-----
Axes           | 4 5 7 8 9 11 13 | 13.0
Fighting       | |  3.7
Armour         | |  2.4
Dodging        | |  2.1

Action                   |  1- 3 |  4- 6 |  7- 9 || total
-------------------------+-------+-------+-------++-------
Melee: Hand axe          |    98 |    70 |   187 ||   355
       Headbutt          |    11 |     8 |    39 ||    58
Invok: Berserk           |     2 |       |     1 ||     3
       Trog's Hand       |       |       |     1 ||     1
  Use: Potion            |     1 |       |       ||     1
  Eat: Chunk             |     3 |     4 |     5 ||    12
Armor: Ring mail         |    34 |    12 |    37 ||    83
Dodge: Dodged            |    47 |    29 |    76 ||   152
